 Dungeon Crawl Stone Soup version 0.31-a0-1343-gcd514f47d3 (webtiles) character file.

Game seed: 17220686689503570983

1589544 iamserjio the Acrobat (level 27, 269/269 HPs)
             Began as an Octopode Wanderer on Dec 22, 2023.
             Was a Follower of Uskayaw.
             Escaped with the Orb
             ... and 3 runes!
             The game lasted 02:54:43 (80736 turns).

iamserjio the Acrobat (Octopode Wanderer)          Turns: 80736, Time: 02:54:43

Health: 269/269    AC: 31    Str: 23    XL:     27
Magic:  35/35      EV: 56    Int: 14    God:    Uskayaw [*.....]
Gold:   3735       SH: 37    Dex: 46    Spells: 26/38 levels left

rFire   + + .        m - +10 morningstar "Eos" {elec, Halo rElec}
rCold   + . .        Z - +6 tower shield {rF+}
rNeg    + + .        d - +2 hat
rPois   ∞            A - amulet of regeneration
rElec   +            G - +6 ring of dexterity
rCorr   +            f - ring of protection from cold
SInv    .            n - +6 ring of dexterity
Will    +++..        w - ring of Beegai {rCorr EV+5 Str+3 Dex+2}
Stlth   +            V - ring "Ugoj" {Fly rPois Will+ Str+3}
HPRegen 1.44/turn    z - +6 ring of dexterity
MPRegen 0.24/turn    a - ring of Xom's Flight of Fancy {rF+ rN+ Slay+2}
                     g - +6 ring of dexterity

%: no passive effects
@: statue-form, flying, glowing, studying 2 skills, very slow
A: slow and powerful, torment resistance 1, boosted hp, almost no armour,
amphibious, 8 rings, camouflage 1, (gelatinous body 1), (nimble swimmer 1),
tentacles, deterioration 2, evolution 1, MP-powered wands
0: Orb of Zot
}: 3/15 runes: decaying, serpentine, silver
a: Begin Untransformation, Renounce Religion, Stomp


You escaped.
You worshipped Uskayaw.
Uskayaw was most pleased with you.
You were a living statue of rough stone.
You visited 11 branches of the dungeon, and saw 49 of its levels.
You also visited: Sewer, Ossuary, Bailey, Gauntlet, Volcano and Desolation.

You collected 8261 gold pieces.
You spent 4526 gold pieces at shops.

Inventory:

Hand Weapons
 m - the +10 morningstar "Eos" (weapon) {elec, Halo rElec}
   (You bought it in a shop on level 2 of the Dungeon)

   Halo:      It grants its wielder a halo, revealing invisible creatures and
   increasing accuracy against all within it other than the wielder.
   rElec:     It insulates you from electricity.
 L - a +9 eveningstar of freezing
 R - the +3 orcbow of False Accusations {flame, rElec rF+ Int-3 Dex+4}
   (You found it on level 2 of the Realm of Zot)

   Int-3:     It affects your intelligence (-3).
   Dex+4:     It affects your dexterity (+4).
   rF+:       It protects you from fire.
   rElec:     It insulates you from electricity.
Missiles
 C - 2 curare-tipped darts (quivered)
Armour
 d - a +2 hat (worn)
 Z - a +6 tower shield of fire resistance (worn)
Jewellery
 a - the ring of Xom's Flight of Fancy (on tentacle) {rF+ rN+ Slay+2}
   (You found it on level 2 of the Depths)

   [ring of protection from fire]

   Slay+2:    It affects your accuracy & damage with ranged weapons and melee
   (+2).
   rF+:       It protects you from fire.
   rN+:       It protects you from negative energy.
 f - a ring of protection from cold (right tentacle)
 g - a +6 ring of dexterity (on tentacle)
 h - a ring of protection from fire
 l - a ring of wizardry
 n - a +6 ring of dexterity (on tentacle)
 r - a ring of flight
 t - an amulet of reflection
 w - the ring of Beegai (on tentacle) {rCorr EV+5 Str+3 Dex+2}
   (You found it in the Desolation of Salt)

   [ring of evasion]

   EV+5:      It affects your evasion (+5).
   Str+3:     It affects your strength (+3).
   Dex+2:     It affects your dexterity (+2).
   rCorr:     It protects you from acid and corrosion.
 z - a +6 ring of dexterity (on tentacle)
 A - an amulet of regeneration (around mantle)
 B - a +6 ring of intelligence
 G - a +6 ring of dexterity (left tentacle)
 N - the ring of the Queen {+Blink rPois Int-2 Dex-2 SInv}
   (You found it in the Desolation of Salt)

   [ring of see invisible]

   Int-2:     It affects your intelligence (-2).
   Dex-2:     It affects your dexterity (-2).
   rPois:     It protects you from poison SInv: It lets you see invisible.
   +Blink:    It lets you blink.
 P - the ring "Souguav" {rElec rN+}
   (You took it off a deep elf death mage on level 3 of the Elven Halls)

   [ring of positive energy]

   rElec:     It insulates you from electricity.
   rN+:       It protects you from negative energy.
 T - an amulet of faith
 V - the ring "Ugoj" (on tentacle) {Fly rPois Will+ Str+3}
   (You took it off a deep elf annihilator on level 3 of the Elven Halls)

   [ring of willpower]

   Str+3:     It affects your strength (+3).
   rPois:     It protects you from poison Will+: It increases your willpower.
   Fly:       It grants you flight.
 W - a ring of see invisible
 Y - a ring of willpower
Talismans
 k - a granite talisman (active)
Wands
 I - a wand of quicksilver (19)
 K - a wand of paralysis (70)
 Q - a wand of digging (16) {@v3}
 S - a wand of iceblast (24) {@v2}
Scrolls
 b - 2 scrolls of blinking {@r4}
 c - 3 scrolls of teleportation {@r3}
 e - 4 scrolls of silence
 i - 5 scrolls of fear
 p - 10 scrolls of fog
 v - 2 scrolls of butterflies
Potions
 j - 16 potions of curing {@q1}
 o - 5 potions of heal wounds {@q2}
 q - 5 potions of haste {@q4}
 s - 3 potions of resistance {@q5}
 D - 2 potions of might {@q3}
 E - 3 potions of magic
 F - a potion of invisibility
 H - 5 potions of cancellation
 O - 3 potions of mutation
 X - 2 potions of ambrosia
Miscellaneous
 u - a box of beasts (inert)
 x - a lightning rod (4/4)
 y - a phial of floods
 M - a tin of tremorstones (2/2)
 U - a phantom mirror


   Skills:
 - Level 22.0 Fighting
 + Level 19.5 Maces & Flails
 - Level 1.0(12.8) Staves
 - Level 22.1 Dodging
 - Level 11.3 Stealth
 + Level 20.7 Shields
 - Level 4.0 Unarmed Combat
 - Level 6.0 Spellcasting
 - Level 9.0 Translocations
 - Level 6.0 Ice Magic
 + Level 17.7 Invocations
 + Level 13.3 Evocations
 - Level 18.0 Shapeshifting


You had 26 spell levels left.
You knew the following spells:

 Your Spells              Type           Power      Damage    Failure   Level
a - Blink                 Tloc           58%        N/A       1%          2
b - Apportation           Tloc           58%        N/A       1%          1
c - Passage of Golubria   Tloc           29%        N/A       6%          4
d - Lesser Beckoning      Tloc           58%        N/A       1%          2
e - Ozocubu's Armour      Ice            21%        N/A       6%          3

Your spell library contained the following spells:

 Spells                   Type           Power      Damage    Failure   Level
 Freeze                   Ice            84%        1d9       2%          1
 Momentum Strike          Conj/Tloc      32%        3d8       6%          2
 Frozen Ramparts          Ice            42%        1d7       6%          3
 Ensorcelled Hibernation  Hex/Ice        24%        N/A       11%         2
 Volatile Blastmotes      Fire/Tloc      32%        2d12      12%         3
 Hailstorm                Conj/Ice       12%        3d6       22%         3
 Foxfire                  Conj/Fire      16%        2x1d4     26%         1
 Kiss of Death            Conj/Necr      16%        2d6       26%         1
 Magic Dart               Conj           16%        1d3       26%         1
 Necrotise                Necr           16%        1d4       26%         1
 Slow                     Hex            16%        N/A       26%         1
 Sting                    Conj/Alch      16%        1d4       26%         1
 Summon Small Mammal      Summ           16%        N/A       26%         1
 Call Imp                 Summ           8%         N/A       36%         2
 Cigotuvi's Dreadful Rot  Necr/Alch/Air  8%         N/A       36%         2
 Jinxbite                 Hex            8%         N/A       36%         2
 Mercury Vapours          Alch/Air       8%         N/A       36%         2
 Scorch                   Fire           8%         2d5       36%         2
 Searing Ray              Conj           8%         2d4       36%         2
 Dimensional Bullseye     Hex/Tloc       8%         N/A       36%         4
 Iskenderun's Mystic Bla  Conj/Tloc      16%        2d5       36%         4
 Vhi's Electric Charge    Tloc/Air       32%        N/A       36%         4
 Call Canine Familiar     Summ           4%         N/A       58%         3
 Confusing Touch          Hex            4%         N/A       58%         3
 Dazzling Flash           Conj/Hex       8%         N/A       58%         3
 Inner Flame              Hex/Fire       4%         N/A       58%         3
 Mephitic Cloud           Conj/Alch/Air  4%         N/A       58%         3
 Sigil of Binding         Hex            4%         N/A       58%         3
 Stone Arrow              Conj/Erth      8%         3d7       58%         3
 Tukima's Dance           Hex            4%         N/A       58%         3
 Vampiric Draining        Necr           4%         2d6       58%         3
 Summon Ice Beast         Ice/Summ       12%        N/A       58%         4
 Metabolic Englaciation   Hex/Ice        6%         N/A       90%         5
 Animate Dead             Necr           4%         N/A       94%         4
 Cause Fear               Hex            2%         N/A       94%         4
 Dispel Undead            Necr           4%         3d7       94%         4
 Flame Wave               Conj/Fire      4%         2d5       94%         4
 Fulminant Prism          Conj/Alch      2%         3d5       94%         4
 Ignite Poison            Fire/Alch      4%         N/A       94%         4
 Leda's Liquefaction      Alch/Erth      2%         N/A       94%         4
 Sticky Flame             Fire/Alch      4%         2d4       94%         4
 Agony                    Necr           4%         N/A       100%        5
 Arcjolt                  Conj/Air       2%         1d12      100%        5
 Borgnjor's Vile Clutch   Necr/Erth      2%         N/A       100%        5
 Fireball                 Conj/Fire      2%         3d4       100%        5
 Iskenderun's Battlesphe  Conj           4%         2d6       100%        5
 Lee's Rapid Deconstruct  Erth           2%         3d4*      100%        5
 Silence                  Hex/Air        2%         N/A       100%        5
 Yara's Violent Unravell  Hex/Alch       2%         3d3       100%        5
 Bombard                  Conj/Erth      2%         9d1       100%        6
 Death Channel            Necr           2%         N/A       100%        6
 Plasma Beam              Fire/Air       2%         2x1d12    100%        6
 Simulacrum               Ice/Necr       6%         N/A       100%        6
 Starburst                Conj/Fire      2%         6d3       100%        6
 Enfeeble                 Hex            2%         N/A       100%        7
 Haunt                    Necr/Summ      2%         N/A       100%        7
 Malign Gateway           Summ/Tloc      8%         N/A       100%        7
 Ozocubu's Refrigeration  Ice            10%        4d9       100%        7
 Spellforged Servitor     Conj/Summ      2%         N/A       100%        7
 Borgnjor's Revivificati  Necr           2%         N/A       100%        8
 Infestation              Necr           2%         N/A       100%        8
 Lehudib's Crystal Spear  Conj/Erth      2%         10d2      100%        8
 Maxwell's Capacitive Co  Air            2%         ∞         100%        8
 Chain Lightning          Conj/Air       2%         3d2       100%        9
 Death's Door             Necr           2%         N/A       100%        9
 Fire Storm               Conj/Fire      2%         8d1       100%        9
 Polar Vortex             Ice            10%        12d1*     100%        9
 Shatter                  Erth           2%         3d6*      100%        9
 Animate Armour           Summ/Erth      Unusable   N/A       N/A         4

Dungeon Overview and Level Annotations

Branches:
Dungeon (15/15)            Temple (1/1) D:7            Lair (5/5) D:9
  Swamp (4/4) Lair:2        Snake (4/4) Lair:2        Slime (0/5) Lair:4
    Orc (2/2) D:12            Elf (3/3) Orc:2        Vaults (5/5) D:13
  Crypt (1/3) Vaults:2     Depths (4/4) D:15            Zot (5/5) Depths:4
  Sewer (visited)         Ossuary (visited)          Bailey (visited)
Volcano (visited)         Desolation (visited)      Gauntlet (visited)

Altars:
Ashenzari
Cheibriados
Dithmenos
Elyvilon
Fedhas
Gozag
Hepliaklqana
Kikubaaqudgha
Makhleb
Nemelex Xobeh
Okawaru
Qazlal
Ru
Sif Muna
Trog
Uskayaw
Vehumet
Wu Jian
Xom
Yredelemnul
Zin
The Shining One
Ignis
Jiyva

Shops:
D:1 *   D:2 *   D:6 (   D:7 *   D:12 *   Orc:1 [   Orc:2 [:[*   Elf:3 (=?(=
Snake:4 (   Vaults:2 (

Portals:
Hell: Depths:1 Depths:2 Depths:3 Depths:4
Abyss: Depths:3 Depths:4
Pandemonium: Depths:2 Depths:3
Ziggurat: Depths:4
Trove: D:10 (give 2 scrolls of acquirement)

Annotations:
D:7 exclusion: downstairs
D:14 exclusion: 2 downstairs
Lair:4 1 runed translucent door
Elf:1 exclusion: downstairs
Depths:4 exclusions: 3 draconian stormcallers and 1 more exclusion


Innate Abilities, Weirdness & Mutations

You are a living statue of rough stone.
Your actions are slow, but your melee attacks are powerful.
You are resistant to unholy torment.
Your maximum health is greatly increased.
You cannot wear most types of armour.
You are amphibious.
You can wear up to eight rings at the same time.
You are immune to poison.
Your skin changes colour to match your surroundings (Stealth+).
((Your rubbery body absorbs attacks. (AC +1, EV +1)))
((You are camouflaged when in or above water. (Stealth+)))
You have tentacles for arms and can constrict up to eight enemies at once.
Your body often deteriorates upon taking damage.
You have hidden genetic potential.
You expend magic power (3 MP) to strengthen your wands.


Message History

There is a stone staircase leading up here.
You block the sixfirhy's attack. x4; The sixfirhy completely misses you.
You fly upwards.
There is a stone staircase leading down here.
There is a stone staircase leading up here.
You fly upwards.
There is a stone staircase leading down here.
There is a faded altar of an unknown god here.
A lich and a rust devil come into view.
Unknown command.
Vep Sey comes into view.
Vep Sey shouts, "Thy eyes shall be my snackling!"
The lich shouts!
The rust devil screeches!
As you read the scroll of teleportation {@r3}, it crumbles to dust.
You feel strangely unstable.
You feel the Orb delaying your translocation!
A lich comes into view.
There are monsters nearby!
There are monsters nearby!
Unknown command.
There are monsters nearby!
The lich casts a spell.
The lich flickers and vanishes!
Deactivating autopickup; reactivate with Ctrl-A.
The lich mumbles some strange words.
The lich flickers and vanishes!
You block Vep Sey's attack.
You impale Vep Sey!! You block Vep Sey's attack. x2
You hit Vep Sey but do no damage. You block Vep Sey's attack.
Vep Sey completely misses you.
You hit Vep Sey but do no damage. You squeeze Vep Sey, but do no damage.
You block Vep Sey's attack.
The lich gestures wildly while chanting.
The lich seems to speed up.
You block Vep Sey's attack.
You thump Vep Sey! You squeeze Vep Sey, but do no damage. Vep Sey engulfs you!!
You block Vep Sey's attack.
You hit Vep Sey but do no damage.
Your surroundings suddenly seem different.
There is a staircase leading out of the dungeon here.
You have escaped!

#.#..~..................
#...~.~....####......###
###.~.~.##.# #.........
#.~..~...# ##.....###
#.~...~..### #.....#
##..~.......###.#.###
#...~.~~~~~..#......#
#...~......~...#.##.#
#...~.8~....~..#.##.#
#....~.~...~..##.##.#
#......~.~~..###.##.#
#..~...~....## #.##.#
#..~...~.#### #.##.###
#..~..~..# #.##†...
#..~.~..## #.######
#..~.~.## #.# #...~..#
#.#


There were no monsters in sight!

Vanquished Creatures
  Tiamat (Zot:2)
  6 dread liches
  Frederick (Vaults:3)
  7 ancient liches
  10 orbs of fire
  2 juggernauts
  Mennas (Vaults:5)
  Bai Suzhen (Snake:4)
  4 Killer Klowns
  Saint Roka (Depths:1)
  A curse toe (Zot:4)
  Vashnia (Snake:4)
  6 golden dragons
  Jory (Crypt:1)
  A bone dragon (Depths:4)
  2 Tzitzimimeh
  2 electric golems (Zot:5)
  Zenata (Vaults:1)
  16 tentacled monstrosities
  29 Orb Guardians
  3 deep elf blademasters
  2 walking earthen tomes
  6 liches
  7 titans
  4 quicksilver dragons
  8 death cobs
  2 deep elf master archers (Elf:3)
  A pandemonium lord (Depths:1)
  4 sphinxes
  2 Executioners
  7 ancient champions
  Gastronok (D:8)
  7 storm dragons
  A thorn hunter (Swamp:2)
  Aizul (Depths:1)
  Donald (Crypt:1)
  4 protean progenitors
  4 nagarajas (Snake:4)
  6 tengu reavers
  6 shadow dragons
  Agnes (Elf:2)
  7 revenants
  10 fire giants
  8 draconian monks
  11 draconian knights
  2 fenstrider witches
  14 frost giants
  7 deep elf sorcerers
  19 vault wardens
  15 draconian scorchers
  8 draconian shifters
  4 iron dragons
  A curse skull (Crypt:1)
  3 imperial myrmidons (Desolation)
  4 deep elf elementalists (Elf:3)
  An angel (D:7)
  22 ironbound preservers
  2 draconian annihilators
  2 orc warlords
  3 war gargoyles
  6 draconian stormcallers
  2 formless jellyfish (Vaults:4)
  A ghoul (Crypt:1)
  15 stone giants
  9 very ugly things
  11 green draconians
  3 spriggan defenders (Depths:1)
  5 vampire knights
  8 ironbound thunderhulks
  11 deep elf death magi
  9 deep elf demonologists
  7 eleionomae
  2 halazid warlocks (Desolation)
  Nessos (Lair:3)
  7 dire elephants
  19 red draconians
  8 white draconians
  9 black draconians
  A minotaur (Gauntlet)
  8 yellow draconians
  6 deep elf annihilators (Elf:3)
  6 purple draconians
  A spark wasp (shapeshifter) (Depths:1)
  2 eidola (Crypt:1)
  8 bunyips
  13 spark wasps
  A blizzard demon (Depths:4)
  7 jiangshi (Crypt:1)
  11 ettins
  5 crystal guardians
  10 fire dragons
  15 yaktaur captains
  A shambling mangrove (Swamp:3)
  An entropy weaver (Vaults:1)
  Josephine (Lair:5)
  7 ice dragons
  2 ragged hierophants (Desolation)
  14 peacekeepers
  29 vault guards
  16 hydras
  6 great orbs of eyes
  4 rakshasas
  2 salamander tyrants
  Fannar (Lair:3)
  9 servants of whispers (Desolation)
  7 deep elf high priests
  A hell beast (Depths:2)
  9 alligators
  A ghost crab (Swamp:3)
  7 spriggan air magi
  4 boulder beetles
  5 ironbound frosthearts
  12 anacondas
  19 centaur warriors
  6 ogre magi
  4 catoblepae
  A radroach (shapeshifter) (Depths:2)
  34 dancing weapons
  9 tengu warriors
  29 two-headed ogres
  5 deep troll earth magi
  5 vampire magi (Crypt:1)
  A two-headed ogre (shapeshifter) (Depths:3)
  19 naga warriors
  7 deep troll shamans
  A death knight (Crypt:1)
  20 death yaks
  A demonic crawler (D:11)
  10 shock serpents
  3 occultists
  A hell hog (D:8)
  A spectral dire elephant (Lair:5)
  4 spriggan berserkers
  2 sun demons
  12 deep elf knights
  A bunyip zombie (Crypt:1)
  3 hell knights
  8 naga sharpshooters
  2 spectral death yaks (Lair:5)
  20 skeletal warriors
  A soul eater (Depths:1)
  A shadow wraith (Vaults:5)
  59 deep trolls
  A sixfirhy (Gauntlet)
  10 iron trolls
  An anaconda zombie (Snake:2)
  A spectral spark wasp (Depths:2)
  5 spectral anacondas
  An obsidian statue (Lair:5)
  2 salamander mystics
  A deep troll (shapeshifter) (Depths:3)
  7 goliath frogs
  11 swamp dragons
  5 glowing orange brains
  An orange crystal statue (Depths:3)
  2 spriggan druids
  2 flayed ghosts
  A goliath frog zombie (Crypt:1)
  6 naga ritualists
  8 arcanists
  A golden dragon skeleton (Crypt:1)
  6 harpies
  3 bog bodies
  17 ironbound convokers
  A tengu zombie (Vaults:4)
  A harpy (shapeshifter) (Depths:3)
  12 lindwurms
  8 phantasmal warriors
  5 anaconda skeletons (Snake:2)
  2 orc sorcerers
  5 deep elf archers
  35 deep elf pyromancers
  10 necromancers
  21 deep elf zephyrmancers
  5 orc knights
  9 mana vipers
  An iron dragon zombie (Vaults:4)
  6 cyclopes
  31 ugly things
  7 will-o-the-wisps
  A draconian zombie (Crypt:1)
  3 oklob plants
  A shadow dragon skeleton (Vaults:4)
  19 salamanders
  5 manticores
  5 toenail golems (Volcano)
  17 vault sentinels
  26 moths of wrath
  A kobold blastminer (Orc:1)
  A rust devil (Depths:2)
  6 elephants
  15 guardian serpents
  17 naga magi
  5 molten gargoyles
  17 cane toads
  A gargoyle (D:14)
  27 black mambas
  4 torpor snails
  Maggie (D:6)
  2 hellions
  An unseen horror (D:12)
  3 komodo dragons
  35 yaktaurs
  5 freezing wraiths
  2 kobold demonologists (D:10)
  A catoblepas zombie (Crypt:1)
  A komodo dragon (shapeshifter) (Depths:3)
  A yaktaur (shapeshifter) (Vaults:5)
  4 rime drakes
  4 tengu conjurers
  4 anaconda simulacra (Snake:2)
  A harpy zombie (Crypt:1)
  4 polar bears (Zot:4)
  8 trolls
  2 bloated husks (Swamp:2)
  A queen bee (shapeshifter) (Vaults:5)
  A merfolk (shapeshifter) (Depths:3)
  3 polar bears (shapeshifter) (Depths:3)
  7 tyrant leeches
  3 tarantellas (shapeshifter)
  18 hornets
  Prince Ribbit (D:6)
  A glass eye (Depths:2)
  42 saltlings (Desolation)
  A tarantella (Vaults:1)
  A raiju (Gauntlet)
  12 blink frogs
  2 spectral elephants (Lair:5)
  4 dream sheep
  4 shadows
  22 slime creatures
  20 spriggans
  Sigmund (D:4)
  4 flying skulls (Crypt:1)
  3 air elementals
  A ynoxinul (D:10)
  4 wraiths
  2 water elementals
  3 spriggans (shapeshifter) (Depths:3)
  A fire elemental (Elf:2)
  A dire elephant simulacrum (Lair:5)
  A golden eye (shapeshifter) (Depths:3)
  5 humans (Volcano)
  37 yaks
  3 basilisks
  5 wyverns
  2 neqoxecs
  A redback (Vaults:1)
  7 wargs
  10 swamp worms
  7 steam dragons
  10 vampire mosquitoes
  Menkaure (D:4)
  A death yak simulacrum (Lair:5)
  A spectral cane toad (Lair:5)
  A skyshark zombie (Crypt:1)
  A glowing shapeshifter zombie (Crypt:1)
  An acid dragon (D:11)
  45 nagas
  9 water moccasins
  A water moccasin (shapeshifter) (Depths:3)
  16 orc warriors
  11 swamp drakes
  An elephant zombie (Lair:5)
  4 ice beasts (D:9)
  A black bear (D:7)
  A boggart (shapeshifter) (Depths:3)
  A crocodile (shapeshifter) (Depths:3)
  32 ogres
  7 boggarts
  14 wolves
  7 centaurs
  An elephant skeleton (Lair:5)
  A phantom (D:4)
  3 kobold brigands
  2 elf zombies (Ossuary)
  2 gnoll sergeants
  3 earth elementals
  15 bullfrogs
  11 scorpions
  A cane toad simulacrum (Lair:5)
  A necrophage (Crypt:1)
  A water moccasin zombie (Crypt:1)
  12 wights
  12 killer bees
  An elephant simulacrum (Lair:5)
  A howler monkey (D:9)
  An electric eel (Lair:1)
  4 lava snakes (D:12)
  A centaur zombie (Ossuary)
  3 jellies
  12 orc priests
  4 hounds
  A gnoll bouda (D:9)
  4 iguanas (D:5)
  2 sleepcaps
  18 orc wizards
  Ijyb (D:4)
  6 hell rats (Lair:4)
  A hound zombie (Crypt:1)
  3 mummies
  15 gnolls
  9 adders
  2 shadow imps
  14 white imps
  3 bombardier beetles
  4 ufetubi (Gauntlet)
  3 adder zombies (Ossuary)
  A dart slug (D:1)
  96 orcs
  23 ball pythons
  4 bats
  16 endoplasms
  12 giant cockroaches
  12 goblins
  10 hobgoblins
  20 quokkas
  11 frilled lizards
  A goblin zombie (Ossuary)
  9 hobgoblin zombies (Ossuary)
  A jackal zombie (Ossuary)
  10 kobolds
  10 kobold zombies (Ossuary)
  9 orc zombies (Ossuary)
  3 rats
  A butterfly (D:8)
2305 creatures vanquished.

Vanquished Creatures (collateral kills)
  the Enchantress (Depths:1)
  A stone giant (Depths:1)
  2 jiangshi (Crypt:1)
  A deep troll shaman (Depths:1)
  An orc high priest (Depths:1)
  A glass eye (Depths:1)
  A two-headed ogre skeleton (Crypt:1)
  A necrophage (Crypt:1)
9 creatures vanquished.

Vanquished Creatures (others)
  A deep elf demonologist (Vaults:5)
  A rakshasa (Depths:1)
  An alligator (Swamp:2)
  A lindwurm (Swamp:4)
  A black mamba (Snake:2)
  A bloated husk (Swamp:4)
  A tyrant leech (Swamp:4)
  A naga (Snake:4)
  A swamp worm (Swamp:2)
  A swamp drake (Swamp:4)
  27 foxfires
37 creatures vanquished.

Grand Total: 2351 creatures vanquished

Notes
Turn   | Place    | Note
-------+----------+-------------------------------------------
     0 | D:1      | iamserjio the Octopode Wanderer began the quest for the
                  | Orb.
     0 | D:1      | iamserjio set off with the following items: a +0
                  | quarterstaff, a scroll of blinking {@r4}, a scroll of fear,
                  | a +0 hat, a scroll of silence.
     0 | D:1      | Reached XP level 1. HP: 16/16 MP: 1/1
   145 | D:1      | Reached XP level 2. HP: 11/21 MP: 2/2
   190 | D:1      | Found Piatin's General Store.
   553 | D:1      | Found a faded altar of an unknown god.
   564 | D:1      | Reached XP level 3. HP: 26/27 MP: 3/3
   637 | D:2      | Found Ecviev's General Store.
  1056 | D:3      | Reached skill level 1 in Maces & Flails
  1146 | D:3      | Reached XP level 4. HP: 34/34 MP: 4/4
  1283 | D:3      | Reached skill level 1 in Dodging
  1592 | D:3      | Reached XP level 5. HP: 29/38 MP: 5/5
  2167 | D:4      | Noticed Ijyb
  2371 | D:4      | Noticed Sigmund
  2753 | D:4      | Reached XP level 6. HP: 26/45 MP: 6/6
  2757 | D:4      | Reached skill level 5 in Fighting
  2943 | D:4      | Noticed Menkaure
  2970 | D:4      | Killed Menkaure
  2971 | D:4      | Reached XP level 7. HP: 27/50 MP: 7/7
  3185 | D:4      | Learned a level 2 spell: Blink
  3187 | D:4      | Learned a level 1 spell: Apportation
  3189 | D:4      | Learned a level 1 spell: Summon Small Mammal
  3192 | D:4      | Learned a level 2 spell: Lesser Beckoning
  3193 | D:5      | Entered Level 5 of the Dungeon
  3335 | D:5      | Found a sand-covered staircase.
  3344 | Ossuary  | Entered an ossuary
  4072 | Ossuary  | Reached skill level 1 in Spellcasting
  4072 | Ossuary  | Reached skill level 1 in Translocations
  4481 | D:5      | Reached XP level 8. HP: 51/56 MP: 11/11
  5129 | D:6      | Noticed Prince Ribbit
  5135 | D:6      | Killed Prince Ribbit
  5136 | D:6      | Noticed Maggie
  5307 | D:6      | Found a glowing drain.
  5335 | Sewer    | Entered a sewer
  5610 | Sewer    | Reached XP level 9. HP: 54/64 MP: 14/14
  5670 | D:6      | Found Neus's Weapon Emporium.
  5837 | D:6      | Found a white marble altar of Elyvilon.
  5855 | D:6      | Reached skill level 1 in Evocations
  6306 | D:7      | Found a staircase to the Ecumenical Temple.
  6312 | Temple   | Entered the Ecumenical Temple
  6327 | Temple   | Became a worshipper of Uskayaw the Reveller
  6362 | D:7      | Reached * piety under Uskayaw
  6427 | D:7      | Found an iron altar of Okawaru.
  6427 | D:7      | Found a radiant altar of Vehumet.
  6432 | D:7      | Found a hazy altar of Hepliaklqana.
  6436 | D:7      | Reached ** piety under Uskayaw
  6438 | D:7      | Reached skill level 5 in Dodging
  6439 | D:7      | Found a sacrificial altar of Ru.
  6440 | D:7      | Found a basalt altar of Yredelemnul.
  6489 | D:7      | Found a flagged portal.
  6498 | Bailey   | Entered a bailey
  6560 | Bailey   | Reached *** piety under Uskayaw
  6614 | Bailey   | Reached skill level 5 in Maces & Flails
  6740 | Bailey   | Noticed an orc knight
  6967 | D:7      | Found Leann's Serpentskin Sales.
  7788 | D:7      | Reached skill level 5 in Invocations
  7788 | D:7      | Reached XP level 10. HP: 67/72 MP: 15/15
  8179 | D:8      | Noticed Gastronok
  8302 | D:8      | Found a runed translucent door.
  8304 | D:8      | Found a runed translucent door.
  8356 | D:8      | Reached **** piety under Uskayaw
  8361 | D:8      | Reached ***** piety under Uskayaw
  8580 | D:8      | Found a snail-covered altar of Cheibriados.
  9267 | D:4      | Killed Sigmund
  9328 | D:4      | Killed Ijyb
  9455 | D:6      | Killed Maggie
 10153 | D:9      | Found a staircase to the Lair.
 10578 | D:8      | Reached XP level 11. HP: 76/77 MP: 16/16
 10778 | D:9      | Found an opulent altar of Gozag.
 11624 | D:9      | Noticed a two-headed ogre
 11847 | D:9      | Noticed a two-headed ogre
 11878 | D:9      | Killed a two-headed ogre
 11879 | D:9      | Reached skill level 10 in Maces & Flails
 12418 | D:9      | Noticed a boulder beetle
 12823 | D:9      | Found a staircase to the Lair.
 12858 | D:9      | Found an opulent altar of Gozag.
 13579 | D:10     | Entered Level 10 of the Dungeon
 14040 | D:10     | Found a portal to a secret trove of treasure.
 14722 | D:11     | Noticed a two-headed ogre
 14734 | D:11     | Reached ****** piety under Uskayaw
 14735 | D:11     | Killed a two-headed ogre
 14884 | D:11     | Noticed a manticore
 15076 | D:11     | Noticed a cyclops
 15086 | D:11     | Killed a cyclops
 15715 | D:11     | Reached XP level 12. HP: 57/82 MP: 17/17
 16591 | D:2      | Bought a potion of curing for 36 gold pieces
 16761 | Lair:1   | Entered Level 1 of the Lair of Beasts
 16900 | Lair:2   | Found a snail-covered altar of Cheibriados.
 17514 | Lair:1   | Reached skill level 10 in Dodging
 17665 | Lair:1   | Found a white marble altar of Elyvilon.
 17728 | Lair:1   | Noticed a catoblepas
 17786 | Lair:1   | Killed a catoblepas
 19112 | Lair:2   | Noticed an eleionoma
 19228 | Lair:3   | Noticed Nessos
 19874 | Lair:3   | Noticed a catoblepas
 19898 | Lair:3   | Killed a catoblepas
 20610 | Lair:2   | Found a staircase to the Snake Pit.
 20697 | Lair:3   | Noticed Fannar
 21055 | Lair:3   | Killed Fannar
 21056 | Lair:3   | Reached XP level 13. HP: 75/90 MP: 18/18
 21770 | Lair:4   | Reached skill level 10 in Fighting
 23834 | D:2      | Bought the +10 morningstar "Eos" {elec, Halo rElec} for 888
                  | gold pieces
 23834 | D:2      | Found the +10 morningstar "Eos" {elec, Halo rElec}
 24077 | D:8      | Killed Gastronok
 24811 | D:11     | Identified the +7 chain mail "Omody" {Dex+3}
 25839 | D:12     | Found Zoateaco's Assorted Antiques.
 25889 | D:12     | Found a staircase to the Orcish Mines.
 26130 | D:12     | Reached XP level 14. HP: 86/102 MP: 19/19
 26792 | D:12     | Bought a bubbling purple potion for 29 gold pieces
 26792 | D:12     | Bought a potion of curing for 99 gold pieces
 27204 | D:2      | Bought a scroll of identify for 24 gold pieces
 27205 | D:2      | Bought a potion of attraction for 36 gold pieces
 27410 | D:12     | Learned a level 3 spell: Ozocubu's Armour
 27540 | D:13     | Reached skill level 1 in Ice Magic
 28164 | Lair:3   | Killed Nessos
 29083 | Lair:4   | Found a runed translucent door.
 29086 | Lair:4   | Found a viscous altar of Jiyva.
 29088 | Lair:4   | Noticed an azure jelly
 29088 | Lair:4   | Noticed an azure jelly
 29090 | Lair:4   | Found a staircase to the Slime Pits.
 29665 | Lair:4   | Noticed an azure jelly
 29694 | Lair:5   | Entered Level 5 of the Lair of Beasts
 29955 | Lair:5   | Found a dark tunnel.
 29962 | Volcano  | Entered a volcano
 30529 | Lair:5   | Reached skill level 5 in Ice Magic
 30541 | Lair:5   | Noticed Josephine
 30941 | Lair:5   | Reached XP level 15. HP: 111/111 MP: 21/21
 31215 | Lair:5   | Reached skill level 15 in Maces & Flails
 31421 | Lair:5   | Killed Josephine
 31710 | Lair:5   | Got the Anthology of Amassed Fire
 32131 | Lair:5   | Got the Compilation of Arcane Combat
 32739 | D:12     | Bought a potion of might for 132 gold pieces
 32992 | D:1      | Bought a scroll of identify for 28 gold pieces
 32992 | D:1      | Bought a scroll of fog for 56 gold pieces
 33732 | D:13     | Found a gate to the Vaults.
 36261 | D:14     | Found a shimmering blue altar of Sif Muna.
 36386 | D:15     | Entered Level 15 of the Dungeon
 36539 | Orc:1    | Entered Level 1 of the Orcish Mines
 36596 | Orc:1    | Reached skill level 15 in Fighting
 36829 | Orc:1    | Found Vemacsun's Armour Shop.
 37203 | Orc:1    | Reached XP level 16. HP: 108/122 MP: 22/22
 37285 | Orc:2    | Entered Level 2 of the Orcish Mines
 37287 | Orc:2    | Found a gate leading to a gauntlet.
 37298 | Gauntlet | Entered a Gauntlet
 37298 | Gauntlet | Found a transporter.
 37298 | Gauntlet | Found a transporter.
 37307 | Gauntlet | Found a transporter.
 37310 | Gauntlet | Found a transporter.
 37322 | Gauntlet | Found a transporter.
 37323 | Gauntlet | Found a transporter.
 37334 | Gauntlet | Found a transporter.
 37339 | Gauntlet | Found a runed translucent door.
 37346 | Gauntlet | Found a transporter.
 37363 | Gauntlet | Found a transporter.
 37364 | Gauntlet | Found a transporter.
 37372 | Gauntlet | Found a transporter.
 37376 | Gauntlet | Found a transporter.
 37775 | Gauntlet | Identified the +1 helmet of Gieliq {rN++ Str+3}
 37806 | Gauntlet | Identified the +4 morningstar of the Depths {heavy, Int+2
                  | Dex+2}
 38111 | Orc:2    | Found Qisis's Antique Armour Shoppe.
 38273 | Orc:2    | Found Soimelycue's Assorted Antiques.
 38273 | Orc:2    | Found Beots's Antique Armour Boutique.
 38282 | Orc:2    | Found Riesauf's Book Boutique.
 38289 | Orc:2    | Bought 2 scrolls of fog for 208 gold pieces
 38289 | Orc:2    | Bought a potion of heal wounds for 130 gold pieces
 38290 | Orc:2    | Bought a glowing kite shield for 217 gold pieces
 38465 | Orc:2    | Reached skill level 1 in Shields
 38586 | Orc:2    | Found a staircase to the Elven Halls.
 39004 | Elf:1    | Entered Level 1 of the Elven Halls
 39516 | D:15     | Reached skill level 5 in Shields
 39516 | D:15     | Reached skill level 10 in Invocations
 39818 | D:15     | Found a staircase to the Depths.
 40326 | Elf:1    | Reached XP level 17. HP: 130/130 MP: 24/24
 42197 | Elf:3    | Entered Level 3 of the Elven Halls
 42360 | Elf:2    | Reached skill level 1 in Shapeshifting
 43162 | Elf:2    | Found a runed translucent gate.
 43162 | Elf:2    | Found a runed translucent gate.
 43164 | Elf:2    | Found a runed translucent gate.
 43341 | Elf:3    | Found Wipuhiri's Antique Weapon Shop.
 43457 | Elf:3    | Found Ifegg's Jewellery Emporium.
 43460 | Elf:3    | Bought a ring of protection from fire for 450 gold pieces
 43467 | Elf:3    | Reached skill level 5 in Shapeshifting
 43467 | Elf:3    | Reached XP level 18. HP: 135/135 MP: 26/26
 43606 | Elf:3    | Paralysed by an air elemental for 1 turns
 43715 | Elf:3    | Found Vyvaiky's Jewellery Shoppe.
 43719 | Elf:3    | Found Myenin's Magic Scroll Boutique.
 43723 | Elf:3    | Paralysed by an air elemental for 1 turns
 43730 | Elf:3    | Bought a scroll of teleportation for 45 gold pieces
 43730 | Elf:3    | Bought 2 scrolls of teleportation for 90 gold pieces
 43780 | Elf:3    | Found Boninell's Weapon Boutique.
 44240 | Lair:2   | Found a staircase to the Swamp.
 44377 | Swamp:1  | Entered Level 1 of the Swamp
 45331 | Swamp:2  | Reached XP level 19. HP: 77/144 MP: 27/27
 46015 | Swamp:3  | Reached skill level 10 in Shapeshifting
 46668 | Swamp:3  | Reached skill level 15 in Dodging
 46948 | Swamp:4  | Entered Level 4 of the Swamp
 47229 | Swamp:4  | Reached skill level 5 in Evocations
 47425 | Swamp:4  | Got Sif Muna's Excursus on Kindling
 47601 | Swamp:4  | Got a decaying rune of Zot
 47850 | Snake:1  | Entered Level 1 of the Snake Pit
 48150 | Snake:1  | Identified the +8 short sword "Eshro Rakou" {holy, rF+
                  | rCorr Str+3 Int-5}
 48659 | Snake:2  | Reached XP level 20. HP: 86/154 MP: 29/29
 48880 | Snake:2  | Identified a scroll of acquirement
 49094 | Snake:2  | Acquired 493 gold pieces
 50040 | Snake:4  | Entered Level 4 of the Snake Pit
 50055 | Snake:4  | Identified the +0 scale mail "Wyssoisyif" {Slay+3}
 50271 | Snake:4  | Noticed Bai Suzhen
 50475 | Snake:4  | Killed Bai Suzhen
 50800 | Snake:4  | Reached skill level 5 in Translocations
 51335 | Snake:4  | Noticed Vashnia
 51346 | Snake:4  | Found Deudi's Antique Weapon Boutique.
 51364 | Snake:4  | Killed Vashnia
 51633 | Snake:4  | Got a serpentine rune of Zot
 52574 | Elf:3    | Bought a +6 ring of dexterity for 504 gold pieces
 52574 | Elf:3    | Bought a ring of willpower for 350 gold pieces
 54214 | Elf:3    | Bought an amulet of reflection for 540 gold pieces
 54508 | Elf:3    | Reached XP level 21. HP: 163/163 MP: 30/30
 55113 | Elf:3    | Identified the ring "Ugoj" {Fly rPois Will+ Str+3}
 55416 | Elf:3    | Identified the ring "Souguav" {rElec rN+}
 55909 | Elf:3    | Identified the staff "Octopus's Death" {Dex+3 Conj}
 55915 | Elf:3    | Identified the staff of the Glamorous God {rPois Int+6
                  | Alchemy}
 55964 | Elf:3    | Identified the +2 short sword "Vyomid" {drain, Str+6}
 56366 | Vaults:1 | Entered Level 1 of the Vaults
 56525 | Vaults:1 | Reached skill level 10 in Shields
 57018 | Vaults:1 | Noticed Zenata
 57036 | Vaults:1 | Killed Zenata
 58237 | Vaults:2 | Found Wugear's Weapon Emporium.
 58660 | Vaults:2 | Found a staircase to the Crypt.
 58747 | Vaults:2 | Got the Handbook of Tinctures and Bodies
 59316 | Vaults:3 | Reached XP level 22. HP: 172/172 MP: 31/31
 59528 | Vaults:3 | Noticed Frederick
 59539 | Vaults:3 | Killed Frederick
 60626 | Vaults:4 | Found a crumbling gateway.
 60635 | Desolati | Entered the Desolation of Salt
 60720 | Desolati | Identified the +3 leather armour of a volcano {Regen+}
 60734 | Desolati | Got the Omnibus of the Xenolith
 60741 | Desolati | Identified the ring of Beegai {rCorr EV+5 Str+3 Dex+2}
 60885 | Desolati | Identified the ring of the Queen {+Blink rPois Int-2 Dex-2
                  | SInv}
 61478 | Vaults:4 | Reached XP level 23. HP: 170/182 MP: 32/32
 62435 | Depths:1 | Entered Level 1 of the Depths
 62500 | Depths:1 | Identified the serpent talisman "Puklilire" {rN++ Str+3}
 62500 | Depths:1 | Noticed Aizul
 62514 | Depths:1 | Killed Aizul
 62540 | Depths:1 | Identified the +6 whip "Guoq" {heavy, rElec Dex+5}
 62615 | Depths:1 | Noticed Saint Roka
 62625 | Depths:1 | Noticed the Enchantress
 62633 | Depths:1 | Killed the Enchantress
 62643 | Depths:1 | You are sucked into a shaft and drop 1 floor!
 62854 | Depths:2 | Noticed a juggernaut
 62865 | Depths:2 | Killed a juggernaut
 62997 | Depths:2 | Identified the ring of Xom's Flight of Fancy {rF+ rN+
                  | Slay+2}
 63346 | Depths:2 | Found a gateway to Hell.
 63371 | Depths:2 | Found a one-way gate leading to the halls of Pandemonium.
 63768 | Depths:2 | Reached skill level 15 in Shields
 64352 | Depths:1 | Reached skill level 10 in Evocations
 64751 | Depths:1 | Killed Saint Roka
 64774 | Depths:1 | Reached XP level 24. HP: 184/189 MP: 32/32
 66602 | Depths:3 | Found a one-way gate to the infinite horrors of the Abyss.
 66671 | Depths:3 | Noticed a juggernaut
 66693 | Depths:3 | Killed a juggernaut
 66879 | Depths:3 | Found the +7 captain's cutlass {speed, disarm}
 67172 | Depths:4 | Entered Level 4 of the Depths
 67425 | Depths:4 | Found a one-way gateway to a ziggurat.
 67666 | Depths:4 | Identified the +0 falchion "Ymuth" {protect, rC+}
 67857 | Depths:4 | Found a gate to the Realm of Zot.
 68688 | Elf:2    | Noticed Agnes
 68698 | Elf:2    | Killed Agnes
 68954 | Elf:2    | Identified the blade talisman of the Sky {rPois Str+2}
 69641 | Vaults:5 | Entered Level 5 of the Vaults
 69643 | Vaults:5 | Noticed an ancient lich
 69655 | Vaults:5 | Noticed a dread lich
 69676 | Vaults:4 | Reached XP level 25. HP: 86/195 MP: 32/32
 69925 | Crypt:1  | Entered Level 1 of the Crypt
 69973 | Crypt:1  | Noticed Donald
 69990 | Crypt:1  | Killed Donald
 70406 | Crypt:1  | Noticed a dread lich
 70521 | Crypt:1  | Noticed Jory
 70532 | Crypt:1  | Killed Jory
 70543 | Crypt:1  | Reached skill level 5 in Stealth
 70576 | Crypt:1  | Noticed an ancient lich
 70853 | Crypt:1  | Noticed an ancient lich
 70868 | Crypt:1  | Killed an ancient lich
 70956 | Crypt:1  | Found a radiant altar of Vehumet.
 70958 | Crypt:1  | Found a transporter.
 71834 | Crypt:1  | Reached skill level 15 in Shapeshifting
 71963 | Crypt:1  | Killed a dread lich
 71972 | Crypt:1  | Killed an ancient lich
 72077 | Crypt:1  | Found a transporter.
 72419 | Vaults:4 | Reached skill level 10 in Stealth
 72530 | Vaults:4 | Killed an ancient lich
 72534 | Vaults:4 | Killed a dread lich
 72726 | Vaults:5 | Identified the +0 robe "Xifant" {rF+ rC+}
 73003 | Vaults:5 | Noticed Mennas
 73026 | Vaults:5 | Killed Mennas
 73027 | Vaults:5 | Reached XP level 26. HP: 201/201 MP: 32/32
 73210 | Vaults:5 | Noticed a dread lich
 73211 | Vaults:5 | Noticed a dread lich
 73222 | Vaults:5 | Killed a dread lich
 73229 | Vaults:5 | Killed a dread lich
 73358 | Vaults:5 | Got a silver rune of Zot
 73380 | Vaults:5 | Noticed a dread lich
 73386 | Vaults:5 | Killed a dread lich
 73458 | Vaults:5 | Noticed an ancient lich
 73470 | Vaults:5 | Killed an ancient lich
 73518 | Vaults:5 | Noticed an ancient lich
 73558 | Vaults:5 | Got the Octavo of the Evil Eye
 73703 | Vaults:5 | Killed an ancient lich
 73865 | Vaults:5 | Identified the +1 robe "Juamat Woot" {-Tele Fly rC+}
 74125 | Vaults:5 | Identified the orb of Puph {guile, rF- rN+++ Regen+}
 74857 | Elf:3    | Bought a scroll of revelation for 112 gold pieces
 74857 | Elf:3    | Bought a scroll of enchant armour for 112 gold pieces
 74960 | Orc:2    | Bought a book of the Moon for 440 gold pieces
 74965 | Orc:2    | Learned a level 4 spell: Passage of Golubria
 75172 | Zot:1    | Entered Level 1 of the Realm of Zot
 75322 | Zot:1    | Noticed an orb of fire
 75363 | Zot:2    | Found the +4 dragonskin cloak
 75363 | Zot:2    | Noticed Tiamat
 75620 | Zot:2    | Reached XP level 27. HP: 207/207 MP: 32/32
 75625 | Zot:2    | Reached skill level 5 in Spellcasting
 75917 | Zot:2    | Killed Tiamat
 76040 | Zot:2    | Gained mutation: Your body sometimes deteriorates upon
                  | taking damage. [mutagenic glow]
 76368 | Zot:2    | You are sucked into a shaft and drop 2 floors!
 76510 | Zot:4    | Found a viscous altar of Jiyva.
 76597 | Zot:2    | Noticed an orb of fire
 76600 | Zot:2    | Noticed an orb of fire
 76601 | Zot:2    | Gained mutation: Your body often deteriorates upon taking
                  | damage. [an orb of fire]
 76601 | Zot:2    | Gained mutation: You are covered in fur. (AC +1) [an orb of
                  | fire]
 76676 | Zot:2    | Killed an orb of fire
 76678 | Zot:2    | Gained mutation: You occasionally lose the ability to drink
                  | potions when taking damage. [an orb of fire]
 76682 | Zot:2    | Killed an orb of fire
 76687 | Zot:2    | Lost mutation: You occasionally lose the ability to drink
                  | potions when taking damage. [potion of mutation]
 76687 | Zot:2    | Lost mutation: Your body often deteriorates upon taking
                  | damage. [potion of mutation]
 76687 | Zot:2    | Gained mutation: You are weak. (Str -2) [potion of
                  | mutation]
 76687 | Zot:2    | Gained mutation: You occasionally lose the ability to read
                  | scrolls when taking damage. [potion of mutation]
 76688 | Zot:2    | Lost mutation: You occasionally lose the ability to read
                  | scrolls when taking damage. [potion of mutation]
 76688 | Zot:2    | Lost mutation: Your body sometimes deteriorates upon taking
                  | damage. [potion of mutation]
 76688 | Zot:2    | Lost mutation: You are weak. (Str -2) [potion of mutation]
 76688 | Zot:2    | Gained mutation: You are clumsy. (Dex -2) [potion of
                  | mutation]
 76688 | Zot:2    | Gained mutation: You are vulnerable to heat. (rF-) [potion
                  | of mutation]
 76688 | Zot:2    | Gained mutation: Your body sometimes deteriorates upon
                  | taking damage. [potion of mutation]
 76765 | Zot:2    | Found the +8 orange crystal plate armour {Archmagi, Int+3
                  | Clar}
 76767 | Zot:2    | Found a candlelit altar of Ignis.
 77113 | Zot:2    | Identified the +3 orcbow of False Accusations {flame, rElec
                  | rF+ Int-3 Dex+4}
 77396 | Zot:4    | Reached skill level 15 in Invocations
 77491 | Zot:5    | Entered Level 5 of the Realm of Zot
 78637 | Zot:5    | Noticed an ancient lich
 78647 | Zot:5    | Killed an ancient lich
 78649 | Zot:5    | Noticed an ancient lich
 78655 | Zot:5    | Killed an ancient lich
 78670 | Zot:5    | Noticed an orb of fire
 78676 | Zot:5    | Killed an orb of fire
 78709 | Zot:5    | Noticed an orb of fire
 78716 | Zot:5    | Gained mutation: You are somewhat resistant to further
                  | mutation. [an orb of fire]
 78725 | Zot:5    | Killed an orb of fire
 78883 | Zot:5    | Noticed an orb of fire
 78898 | Zot:5    | Killed an orb of fire
 79904 | Zot:5    | Noticed an orb of fire
 79912 | Zot:5    | Killed an orb of fire
 79918 | Zot:5    | Noticed an orb of fire
 79918 | Zot:5    | Noticed an orb of fire
 79925 | Zot:5    | Gained mutation: You are weak. (Str -2) [an orb of fire]
 79929 | Zot:5    | Killed an orb of fire
 79934 | Zot:5    | Killed an orb of fire
 79940 | Zot:5    | Noticed an orb of fire
 79944 | Zot:5    | Noticed a dread lich
 79944 | Zot:5    | Gained mutation: Your body often deteriorates upon taking
                  | damage. [an orb of fire]
 79950 | Zot:5    | Killed an orb of fire
 79957 | Zot:5    | Killed a dread lich
 79959 | Zot:5    | Noticed an orb of fire
 79959 | Zot:5    | Gained mutation: Your health recovers twice as slowly from
                  | being drained. [an orb of fire]
 79961 | Zot:5    | Killed an orb of fire
 80039 | Zot:5    | Lost mutation: Your health recovers twice as slowly from
                  | being drained. [potion of mutation]
 80039 | Zot:5    | Lost mutation: You are weak. (Str -2) [potion of mutation]
 80040 | Zot:5    | Lost mutation: You are somewhat resistant to further
                  | mutation. [potion of mutation]
 80040 | Zot:5    | Lost mutation: You are clumsy. (Dex -2) [potion of
                  | mutation]
 80040 | Zot:5    | Lost mutation: You are covered in fur. (AC +1) [potion of
                  | mutation]
 80040 | Zot:5    | Gained mutation: You possess an exceptional clarity of
                  | mind. [potion of mutation]
 80040 | Zot:5    | Gained mutation: Your flesh is cold resistant. (rC+)
                  | [potion of mutation]
 80040 | Zot:5    | Gained mutation: You occasionally lose the ability to read
                  | scrolls when taking damage. [potion of mutation]
 80040 | Zot:5    | Gained mutation: You are resistant to electric shocks.
                  | (rElec) [potion of mutation]
 80041 | Zot:5    | Lost mutation: Your flesh is cold resistant. (rC+) [potion
                  | of mutation]
 80041 | Zot:5    | Lost mutation: You possess an exceptional clarity of mind.
                  | [potion of mutation]
 80041 | Zot:5    | Lost mutation: You are vulnerable to heat. (rF-) [potion of
                  | mutation]
 80041 | Zot:5    | Gained mutation: You are agile. (Dex +4, Str/Int -1)
                  | [potion of mutation]
 80041 | Zot:5    | Lost mutation: You occasionally lose the ability to read
                  | scrolls when taking damage. [potion of mutation]
 80042 | Zot:5    | Got the Orb of Zot
 80151 | Zot:3    | Noticed Zino the pandemonium lord
 80311 | Depths:2 | Noticed Lomaymekhli the pandemonium lord
 80325 | Depths:1 | Killed Lomaymekhli the pandemonium lord
 80532 | D:8      | Gained mutation: You are frail. (-10% HP) [a neqoxec]
 80534 | D:8      | Lost mutation: You are frail. (-10% HP) [potion of
                  | mutation]
 80534 | D:8      | Lost mutation: You are resistant to electric shocks.
                  | (rElec) [potion of mutation]
 80534 | D:8      | Lost mutation: You are agile. (Dex +4, Str/Int -1) [potion
                  | of mutation]
 80534 | D:8      | Gained mutation: You expend magic power (3 MP) to
                  | strengthen your wands. [potion of mutation]
 80534 | D:8      | Gained mutation: You have hidden genetic potential. [potion
                  | of mutation]
 80636 | D:5      | Noticed a seraph
 80638 | D:5      | Identified the -1 tower shield of the Game of Kings {Will+
                  | Regen+ Stlth-}
 80716 | D:1      | Noticed Vep Sey the pandemonium lord
 80736 | D:$      | Escaped with the Orb!

Illustrated notes

Levels and vault maps discovered:
D:1:      ebering_trefoil_3fold, layout_loops_ring,
          shapermc_ecumenical_altar_mp_highgroup, serial_shops, shop,
          minmay_shallow_snake_nest
D:2:      layout_rooms, serial_shops, shop, st_stairs_9,
          hangedman_decor_growths, minmay_misc_feat_chi, minmay_misc_feat_doors
D:3:      layout_rooms
D:4:      layout_basic, grunt_ministairs_3, uniq_ijyb, uniq_menkaure,
          uniq_sigmund
D:5:      layout_cave_pods, chequers_ossuary_entry_cave, abandoned_shop,
          serial_bayou_pond_d
D:6:      layout_cave_pools, nicolae_overflow_hidden_temple,
          gup_sewer_entry_pipe, serial_shops, shop, uniq_maggie,
          uniq_prince_ribbit1
D:7:      layout_basic, chequers_temple_overflow_minitemple,
          minmay_temple_entry_mist, serial_corexii_hall,
          chequers_hall_statues_y, chequers_hall_statues_wall_a, enter_bailey_8,
          guppyfry_shop_venom
D:8:      lemuel_insect_pit, layout_loops_corners, slow_altar_2, uniq_gastronok
D:9:      kennysheep_ambush_hall, layout_grid_maze, old_standard_altar,
          hellmonk_lair_entry_icy, grunt_ministairs_7
D:10:     layout_basic, nicolae_trove_entry_free_sample
D:11:     minmay_the_grid_square_5x5_3x3
          [minmay_the_grid_square_5x5_three_walls,
          minmay_the_grid_square_5x5_hollow_slash,
          minmay_the_grid_square_5x5_plus, minmay_the_grid_square_5x5_trominoes,
          minmay_the_grid_square_5x5_megaprize_open,
          minmay_the_grid_square_5x5_almost_minimal,
          minmay_the_grid_square_5x5_z, minmay_the_grid_square_5x5_two_small,
          minmay_the_grid_square_5x5_six_small], layout_gridville,
          hangedman_abyss_or_decor_stabs, minmay_misc_feat_more_columns,
          kennysheep_nub
D:12:     cheibrodos_magma_flow, layout_basic, hiddenorc2_lemuel, serial_shops,
          nicolae_shop_stone
D:13:     layout_cave_pools, david_vaults_1, lemuel_flame_loot_1
D:14:     layout_basic, hellmonk_sif_muna_bookshelves
D:15:     hangedman_depths_entry_civil_slaughter, layout_rooms
Temple:   eino_narrow_crystal_temple
Lair:1:   layout_chaotic_city, basic_altar, dpeg_stationary_puzzle,
          serial_bayou_shore_a
Lair:2:   layout_concentric_octagons, alex1729_swamp_entry_worm_eleionoma,
          minmay_snake_entry_guardpost_medium, portal_ice_cave_entry_imps,
          kennysheep_snail_temple, infiniplex_staircase_pool
Lair:3:   layout_long_grid, chequers_serial_rivers_small_b, lemuel_fruit_fields,
          infiniplex_staircase_pool_2, uniq_fannar, uniq_nessos
Lair:4:   layout_hall_layers, slime_entry_2, patterned_corridor
Lair:5:   due_jungle_book, layout_regular_city,
          lightli_volcano_entry_magma_tube, serial_bayou_shore_b, uniq_josephine
Swamp:1:  layout_basic_swamp, serial_swamp_ruin, evilmike_swamp_ruin_house_5,
          evilmike_swamp_ruin_house_4
Swamp:2:  layout_basic_swamp, hangedman_swamp_ruin_wall
Swamp:3:  layout_basic_swamp, evilmike_swamp_ruin_house_3, swamp_pool_1_2
Swamp:4:  swamp_fiery, layout_basic_swamp, swamp_pool_1_2
Snake:1:  layout_grid_shapes
Snake:2:  layout_rooms, nicolae_snake_dead_anacondas
Snake:3:  layout_onion_interference
Snake:4:  johnstein_snake_rune_scales, layout_cave_town, serial_shops,
          nicolae_shop_scrapyard, uniq_bai_suzhen
Orc:1:    layout_diamond_mine, serial_shops, nicolae_shop_advertising_works
          [nicolae_subvault_shop_adworks], basic_altar, mines3_lemuel
Orc:2:    st_orc_ogre_mass, layout_caves, gauntlet_entry_generic,
          nicolae_orc_pool_cavern
Elf:1:    nicolae_elf_arrival_fired_up, layout_onion_city,
          hangedman_elf_disciples
Elf:2:    nicolae_elf_blades_splatter_lattice
          [nicolae_blade_entry_diamond_columns], layout_geoelf_diagonals,
          roderic_lattice_octagonal_star, uniq_agnes
Elf:3:    grunt_elf_hall_branching, layout_gridlike, serial_shops, shop,
          nicolae_shop_gaudy_bauble, shop, shop, shop, grunt_megastairs_2
Vaults:1: nicolae_vaults_what_the_h, hangedman_vaults_maws,
          nicolae_vaults_closet_pinwheel_3,
          nicolae_vaults_offset_grid_hallway_2, nicolae_vaults_two_Ls,
          grunt_vaults_bifocal, v_alt_pattern_6, nicolae_vaults_more_shelving_1,
          v_misc_3, vaults_dpeg_emergency_exit, vaults_dpeg_ring,
          layout_vaults_chaotic_city, uniq_zenata
Vaults:2: minmay_crypt_entry_simple_round, ontoclasm_vaults_tryst,
          nicolae_vaults_trapezoid_lopsided_2, nicolae_vaults_storage_closets_2,
          hangedman_vaults_stagger, vaults_mumra_minichess,
          nicolae_vaults_closet_pinwheel_5, layout_vaults_omnicross,
          serial_shops, nicolae_shop_tiny_waterfront
Vaults:3: v_misc_27, hangedman_vaults_impose, nicolae_vaults_disjoint_gnomons,
          nicolae_vaults_double_plus_3, vaults_mumra_chevron_long,
          nicolae_vaults_closet_pinwheel_4, grunt_vaults_focal,
          nicolae_vaults_network_quincunx
          [nicolae_vaults_network_quincunx_subvault,
          nicolae_vaults_network_quincunx_subvault,
          nicolae_vaults_network_quincunx_subvault,
          nicolae_vaults_network_quincunx_subvault,
          nicolae_vaults_network_quincunx_subvault],
          nicolae_vaults_stepped_doors, nicolae_vaults_hallways_thing,
          vaults_dpeg_encased_lava, nicolae_vaults_asterisk,
          nicolae_vaults_tetromino_L_2, nicolae_vaults_diagonal_hallway_8,
          layout_vaults_omnibox, uniq_frederick
Vaults:4: portal_desolation_entry_twin_temple, nicolae_vaults_three_branches,
          nicolae_vaults_trapezoid_2, nicolae_vaults_trapezoid_lopsided_3,
          vaults_room_grunt_arrival_checkpoint, nicolae_vaults_little_squares_2,
          dpeg_vaults_monster_row, nicolae_vaults_closet_pinwheel_4,
          nicolae_vaults_tetromino_Z_2, vaults_room_stairs_pillars,
          layout_vaults_omnigrid
Vaults:5: serial_shops, uniq_mennas
Crypt:1:  gammafunk_sealed_library, layout_catacombs, lemuel_upstairs_altar,
          grunt_crypt_arrival_webbed, uniq_jory, uniq_donald
Depths:1: grunt_crosshair, layout_cave_pools, hangedman_tar_grid_catacomb,
          kennysheep_generic_room_9, uniq_enchantress, uniq_aizul,
          uniq_saint_roka
Depths:2: minmay_open_boxes_in_corner, layout_gridville, minmay_misc_feat_rows,
          pan_entry, grunt_mini_vestibule, wad_floor_pattern_untrapped,
          nicolae_triple_integral
Depths:3: vault_1, layout_long_grid, pan_entry, abyss_entry, hell_entry,
          kennysheep_path_1, minmay_staircase_windowed_small
Depths:4: evilmike_zot_entry_argh, layout_cave_shapes, enter_ziggurat_b,
          nicolae_figureground_sparkle, hell_entry, abyss_entry
Zot:1:    nicolae_zot_stationary_front, layout_onion, bh_zot_ikea_curve,
          hangedman_elemental_grid_stream
Zot:2:    regret_index_infernal_bastille, layout_basic, uniq_tiamat
Zot:3:    layout_gridlike, regret_index_zotdec_icy_dp
Zot:4:    layout_misc_corridors, skrybe_zot_glass_2,
          regret_index_zotdec_slimy_original
Zot:5:    layout_concentric_octagons, hangedman_zot_decor_tridents

Skill      XL: |  1  2  3  4  5  6  7  8  9 10 11 12 13 14 15 16 17 18 19 20 21 22 23 24 25 26 27 |
---------------+----------------------------------------------------------------------------------+-----
Fighting       | 4 5 7 8 9 11 13 15 16 17 18 19 20 22 | 22.0
Maces & Flails | 1 2 3 4 6 9 12 13 14 15 16 17 19 | 19.5
Dodging        | 1 2 3 4 6 7 9 11 12 13 14 15 16 18 19 20 21 22 | 22.1
Spellcasting   | 2 3 4 6 |  6.0
Translocations | 2 3 7 8 9 |  9.0
Evocations     | 1 3 4 5 10 12 13 | 13.3
Invocations    | 5 6 7 8 10 11 12 13 17 | 17.7
Ice Magic      | 5 6 |  6.0
Shields        | 5 7 9 11 13 15 17 20 | 20.7
Shapeshifting  | 5 9 10 13 16 17 18 | 18.0
Stealth        | 2 11 | 11.3
Staves         | |  1.0
Unarmed Combat | |  4.0

Action                     |  1- 3 |  4- 6 |  7- 9 | 10-12 | 13-15 | 16-18 | 19-21 | 22-24 | 25-27 || total
---------------------------+-------+-------+-------+-------+-------+-------+-------+-------+-------++-------
  Melee: Quarterstaff      |    15 |       |       |       |       |       |       |       |       ||    15
         Constrict         |    16 |    27 |    99 |   103 |    95 |   107 |   153 |   207 |   243 ||  1050
         Tentacles         |     8 |    30 |   111 |   212 |   282 |   207 |   466 |   558 |   575 ||  2449
         Punch             |     1 |     5 |    16 |    32 |    44 |    31 |    76 |    90 |    92 ||   387
         Mace              |    50 |   104 |   107 |       |       |       |       |       |       ||   261
         Whip              |       |       |   308 |   306 |       |       |       |       |       ||   614
         Flail             |       |       |       |   325 |   119 |     7 |       |       |       ||   451
         Morningstar       |       |       |       |       |   656 |   585 |  1181 |  1255 |  1254 ||  4931
         Maw               |       |       |       |       |       |       |   554 |   663 |    82 ||  1299
         Eveningstar       |       |       |       |       |       |       |       |       |    26 ||    26
  Throw: Stone             |     2 |       |       |       |       |       |       |       |       ||     2
         Boomerang         |       |     4 |     6 |       |       |       |       |       |       ||    10
         Dart              |       |       |    14 |    85 |    19 |     2 |     1 |     2 |       ||   123
         Throwing net      |       |       |       |     3 |       |       |       |       |       ||     3
   Cast: Blink             |       |       |    11 |       |     1 |       |     1 |     2 |     1 ||    16
         Apportation       |       |       |       |       |     9 |     2 |       |       |       ||    11
         Ozocubu's Armour  |       |       |       |       |     3 |     2 |     3 |       |     1 ||     9
 Invoke: Stomp             |       |       |     4 |    38 |    10 |     4 |     4 |     1 |     3 ||    64
         Line Pass         |       |       |       |     5 |     1 |     1 |     1 |       |       ||     8
         Grand Finale      |       |       |       |       |       |       |       |       |     1 ||     1
  Evoke: Wand              |       |       |     2 |    18 |    14 |     5 |     9 |     6 |    11 ||    65
         Lightning rod     |       |       |       |       |     7 |     7 |     4 |       |       ||    18
         Phial of floods   |       |       |       |       |       |     1 |     1 |       |     1 ||     3
         Box of beasts     |       |       |       |       |       |       |       |     1 |     3 ||     4
         Phantom mirror    |       |       |       |       |       |       |       |     1 |       ||     1
    Use: Potion            |       |     4 |     1 |     5 |     3 |     9 |     3 |       |    14 ||    39
         Scroll            |       |       |     1 |    16 |    18 |    11 |     6 |    13 |    19 ||    84
   Stab: Sleeping          |    10 |     8 |    25 |     4 |     1 |     1 |     3 |     2 |     3 ||    57
         Distracted        |       |     1 |       |     2 |     2 |     1 |     3 |     4 |     8 ||    21
         Paralysed         |       |       |     5 |    25 |    63 |    51 |   152 |   161 |   160 ||   617
         Held in net/web   |       |       |       |     3 |       |       |       |       |       ||     3
         Confused          |       |       |       |     1 |     1 |       |       |       |       ||     2
         Invisible         |       |       |       |       |       |     4 |       |       |       ||     4
 Armour: Skin              |    23 |    56 |   130 |   251 |   289 |   195 |   446 |   193 |   311 ||  1894
  Dodge: Dodged            |    36 |    64 |   235 |   370 |   482 |   303 |   873 |   702 |  1045 ||  4110
  Block: Kite shield       |       |       |       |       |       |   155 |   919 |   951 |       ||  2025
         Reflection        |       |       |       |       |       |       |    27 |    68 |    57 ||   152
         Tower shield      |       |       |       |       |       |       |       |   384 |  2234 ||  2618
   Form: Maw               |       |       |       |       |       |       |     1 |       |       ||     1
         Statue            |       |       |       |       |       |       |       |       |     1 ||     1

Table legend: (Time is in decaauts)
 A = Elapsed time spent in this place.
 B = Non-inter-level travel time spent in this place.
 C = Inter-level travel time spent in this place.
 D = Time resting spent in this place.
 E = Time spent auto-exploring this place.
 F = Levels seen in this place.
 G = Mean time per level.
                   A        B        C        D        E       F      G
               +--------+--------+--------+--------+--------+-----+--------+
         Total |  84079 |  73343 |  10736 |  24919 |  29977 |  55 | 1528.7 |
       Dungeon |  26585 |  21783 |   4802 |   7421 |   9506 |  15 | 1772.3 |
        Temple |     30 |      2 |     28 |      0 |      0 |   1 |   30.0 |
          Lair |  11264 |  10270 |    994 |   4663 |   3300 |   5 | 2252.8 |
         Swamp |   3422 |   3232 |    190 |   1183 |   1136 |   4 |  855.5 |
     Snake Pit |   3982 |   3614 |    368 |    652 |   1953 |   4 |  995.5 |
  Orcish Mines |   2496 |   1778 |    718 |    285 |   1057 |   2 | 1248.0 |
   Elven Halls |   7877 |   6494 |   1383 |   2386 |   2618 |   3 | 2625.7 |
        Vaults |   9462 |   8416 |   1046 |   1041 |   5494 |   5 | 1892.4 |
         Crypt |   2423 |   2214 |    209 |   1005 |    825 |   1 | 2423.0 |
        Depths |   6185 |   5561 |    624 |   1542 |   2647 |   4 | 1546.2 |
           Zot |   7367 |   6997 |    370 |   3419 |   1221 |   5 | 1473.4 |
         Sewer |    308 |    308 |      0 |     22 |     60 |   1 |  308.0 |
       Ossuary |    846 |    846 |      0 |    491 |     68 |   1 |  846.0 |
        Bailey |    274 |    274 |      0 |     78 |      0 |   1 |  274.0 |
       Volcano |    534 |    534 |      0 |    343 |      0 |   1 |  534.0 |
    Desolation |    422 |    422 |      0 |     80 |      1 |   1 |  422.0 |
      Gauntlet |    596 |    596 |      0 |    304 |     91 |   1 |  596.0 |
               +--------+--------+--------+--------+--------+-----+--------+

Top non-repeatable levels by time:
     D:9: 4384 daAuts
   Zot:5: 3844 daAuts
  Lair:2: 3439 daAuts
    D:11: 3131 daAuts
   Elf:3: 3118 daAuts
    D:14: 2647 daAuts
Vaults:5: 2557 daAuts
   Elf:1: 2519 daAuts
Vaults:4: 2456 daAuts
    D:12: 2434 daAuts
 Crypt:1: 2423 daAuts
     D:8: 2286 daAuts
   Elf:2: 2239 daAuts
   Zot:2: 2209 daAuts
  Lair:3: 2059 daAuts
